 Dungeon Crawl Stone Soup version 0.20.1-1-g8b1a95d66d (webtiles) character file.

2886 Popi the Carver (level 10, -1/76 HPs)
             Began as a Human Fighter on Dec 18, 2017.
             Killed by divine providence
             ... invoked by an orc priest
              (12 damage)
             ... on level 7 of the Dungeon.
             The game lasted 00:19:29 (10596 turns).

Popi the Carver (Human Fighter)                    Turns: 10596, Time: 00:19:30

Health: -1/76      AC: 13    Str: 21    XL:     10   Next: 5%
Magic:  10/10      EV: 13    Int:  8    God:
Gold:   544        SH:  0    Dex: 12    Spells: 9/9 levels left

rFire    . . .     SeeInvis .   a - +0 long sword
rCold    . . .     Gourm    .   (no shield)
rNeg     . . .     Faith    .   b - +0 scale mail
rPois    .         Spirit   .   (no helmet)
rElec    .         Reflect  .   o - +2 cloak
rCorr    .         Harm     .   m - +0 pair of gloves
MR       .....                  u - +0 pair of boots
Stlth    ..........             (no amulet)
Regen    0.3/turn               (no ring)
MPRegen  0.2/turn               (no ring)

@: no status effects
A: no striking features
a: no special abilities


You were on level 7 of the Dungeon.
You were not hungry.

You visited 1 branch of the dungeon, and saw 7 of its levels.
You also visited: Sewer and Ossuary.

You collected 544 gold pieces.

Inventory:

Hand Weapons
 a - a +0 long sword (weapon)
Armour
 b - a +0 scale mail (worn)
 m - a +0 pair of gloves (worn)
 o - a +2 cloak (worn)
 u - a +0 pair of boots (worn)
Jewellery
 l - a +3 ring of strength {unknown}
 y - a +4 ring of intelligence {unknown}
 B - an uncursed amulet of harm {unknown}
 F - an uncursed ring of stealth {unknown}
Wands
 D - a wand of paralysis (17/24)
Scrolls
 c - 5 scrolls of magic mapping {unknown}
 e - 4 scrolls of teleportation {unknown}
 h - 5 scrolls of remove curse {unknown}
 i - 8 scrolls of identify {unknown}
 k - 3 scrolls of immolation {unknown}
 p - 3 scrolls of fog {unknown}
 t - a scroll of enchant armour {unknown}
 z - a scroll of blinking {unknown}
 C - a scroll of enchant weapon {unknown}
Potions
 d - 4 potions of might
 g - 8 potions of curing
 j - 5 potions of agility
 n - 5 potions of flight
 r - 3 potions of heal wounds
 s - 2 potions of ambrosia
 v - 2 potions of lignification {unknown}
 w - a potion of resistance
 x - 2 potions of mutation {unknown}
 A - a potion of cancellation {unknown}
 E - 2 potions of magic {unknown}
 G - 3 potions of haste
 H - a potion of berserk rage {unknown}
Comestibles
 f - 5 bread rations
 q - 2 meat rations


   Skills:
 + Level 6.0 Fighting
 + Level 8.6 Long Blades
 + Level 7.1 Armour
 * Level 5.9 Dodging
   Level 3.0 Shields


You had 9 spell levels left.
You didn't know any spells.

Dungeon Overview and Level Annotations

Branches:
Dungeon (7/15)
 Temple: D:4-7

Altars:
Cheibriados
Dithmenos
Vehumet


Message History

The bullfrog is severely wounded.
The bullfrog hits you. The bullfrog barely misses you.
You riposte.
You hit the bullfrog but do no damage.
The bullfrog is severely wounded.
You closely miss the bullfrog.
The bullfrog is severely wounded.
The bullfrog barely misses you.
You riposte.
You slash the bullfrog!
You kill the bullfrog!
Your Fighting skill increases to level 6!
You barely miss the orc warrior. The orc warrior barely misses you.
You hit the orc warrior but do no damage.
The orc warrior hits you with a scimitar!
The orc priest invokes the aid of Beogh against you.
Beogh smites you!
* * * LOW HITPOINT WARNING * * *
You barely miss the orc warrior. You hit the orc but do no damage.
The orc priest invokes the aid of Beogh against you.
Beogh smites you!
You die...

#######
######..<..##
###...........#
..............#
###.###..........
......o@......##.#
###.###o#..##.# #
#>#.oo#..# .#
#.$.).#.....#
#...$.##.#..
#.###.# .#..# #.
#.# .# . ..# # #..


You could see an orc warrior, 2 orc priests and an orc.

Vanquished Creatures
  The ghost of Alannah the Skirmisher, a novice MiBe of Trog (D:5)
  Eustachio (D:6)
  The ghost of Popi the Grave Robber, an amateur DENe (D:3)
  An orc warrior (D:6)
  3 ogres
  A phantom (D:4)
  A centaur (D:5)
  3 bullfrogs
  3 howler monkeys
  2 crimson imps
  A jelly (D:5)
  2 bullfrog skeletons
  5 orc wizards
  4 orc priests
  Crazy Yiuf (D:2)
  A centaur skeleton (D:6)
  A gnoll shaman (D:4)
  7 worker ants
  An iguana (D:5)
  Natasha (thrice) (D:2 D:4)
  8 mummies (Ossuary)
  Robin (D:2)
  11 adders
  5 gnolls (D:4)
  7 river rats
  2 shadow imps (D:6)
  4 oozes
  An adder zombie (D:6)
  5 worms
  3 dart slugs
  6 leopard geckos
  30 orcs
  3 giant cockroaches
  13 goblins
  14 hobgoblins
  8 jackals
  22 kobolds
  5 quokkas
  7 ball pythons
  6 bats
  6 frilled lizards
  A giant cockroach zombie (D:6)
  2 gnoll zombies
  2 hobgoblin zombies (Ossuary)
  A kobold zombie (Ossuary)
  4 orc zombies (Ossuary)
  23 rats
243 creatures vanquished.

Vanquished Creatures (others)
  A goblin (D:2)
1 creature vanquished.

Grand Total: 244 creatures vanquished

Notes
Turn   | Place    | Note
-------+----------+-------------------------------------------
     0 | D:1      | Popi the Human Fighter began the quest for the Orb.
     0 | D:1      | Reached XP level 1. HP: 18/18 MP: 1/1
    95 | D:1      | Reached XP level 2. HP: 24/24 MP: 2/2
   195 | D:1      | Reached XP level 3. HP: 26/29 MP: 3/3
   636 | D:2      | Reached skill level 1 in Dodging
   667 | D:2      | Reached XP level 4. HP: 9/35 MP: 4/4
   730 | D:2      | Noticed Natasha
   852 | D:2      | Killed Natasha
   852 | D:2      | Reached skill level 3 in Long Blades
   969 | D:2      | Found a runed door.
   973 | D:2      | Noticed Crazy Yiuf
   979 | D:2      | Killed Crazy Yiuf
   979 | D:2      | Reached XP level 5. HP: 8/41 MP: 5/5
  1315 | D:2      | Found a radiant altar of Vehumet.
  1366 | D:2      | Noticed Robin
  1390 | D:2      | Killed Robin
  1901 | D:3      | Reached XP level 6. HP: 45/47 MP: 6/6
  2000 | D:3      | Reached skill level 4 in Long Blades
  2101 | D:3      | Found a glowing drain.
  2108 | Sewer    | Entered a sewer
  3108 | D:3      | Noticed Popi's ghost (amateur DENe)
  3115 | D:3      | Found a faded altar of an unknown god.
  3531 | D:4      | Reached XP level 7. HP: 38/53 MP: 7/7
  3835 | D:4      | Reached skill level 5 in Long Blades
  3836 | D:4      | Noticed Natasha
  3854 | D:4      | Killed Natasha
  3876 | D:4      | Noticed Natasha
  3881 | D:4      | Killed Natasha
  4147 | D:4      | Found a shadowy altar of Dithmenos.
  4484 | D:3      | Reached skill level 5 in Armour
  4484 | D:3      | Reached XP level 8. HP: 36/60 MP: 8/8
  4726 | D:3      | Killed Popi's ghost
  4829 | D:3      | Reached skill level 6 in Long Blades
  5186 | D:5      | Entered Level 5 of the Dungeon
  5219 | D:5      | Noticed Alannah's ghost (novice MiBe)
  6955 | D:6      | Found a snail-covered altar of Cheibriados.
  7652 | D:5      | Killed Alannah's ghost
  7652 | D:5      | Reached skill level 5 in Fighting
  7652 | D:5      | Reached skill level 7 in Long Blades
  7652 | D:5      | Reached XP level 9. HP: 16/68 MP: 9/9
  8075 | D:5      | Reached skill level 5 in Dodging
  8550 | D:6      | HP: 2/69 [electric eel/bolt of electricity (9)]
  9064 | D:6      | Reached skill level 8 in Long Blades
  9194 | D:6      | Noticed Eustachio
  9279 | D:6      | Killed Eustachio
  9877 | D:7      | Found a sand-covered staircase.
  9899 | Ossuary  | Entered an ossuary
  9938 | Ossuary  | Reached XP level 10. HP: 51/76 MP: 10/10
  9985 | Ossuary  | HP: 1/76 [mummy (8)]
 10596 | D:7      | Killed from afar by an orc priest

Skill      XL: |  1  2  3  4  5  6  7  8  9 10 |
---------------+-------------------------------+-----
Dodging        | 1 2 3 4 5 |  5.9
Long Blades    | 3 4 5 7 8 |  8.6
Armour         | 4 5 6 7 |  7.1
Fighting       | 4 5 6 |  6.0
Shields        | |  3.0

Action                   |  1- 3 |  4- 6 |  7- 9 | 10-12 || total
-------------------------+-------+-------+-------+-------++-------
Melee: Long sword        |    90 |   318 |   746 |    55 ||  1209
  Use: Potion            |     2 |     4 |       |       ||     6
  Eat: Chunk             |       |     8 |    20 |       ||    28
       Royal jelly       |       |       |     1 |       ||     1
       Meat ration       |       |       |       |     1 ||     1
Armor: Scale mail        |    69 |   203 |   393 |    16 ||   681
Dodge: Dodged            |    56 |   232 |   418 |    36 ||   742
       Rpst.: Long sword |    20 |    70 |   119 |    12 ||   221
